 Dungeon Crawl Stone Soup version 0.29.1-12-g30fa7ad0bf (webtiles) character file.

Game seed: 15762566297170641213

87 hawla the Chiller (level 5, -4/38 HPs)
             Began as a Meteoran Ice Elementalist on Dec 26, 2022.
             Slain by Duvessa
             ... wielding a +0 rapier
              (7 damage)
             ... on level 4 of the Dungeon.
             The game lasted 00:04:01 (620 turns).

hawla the Chiller (Meteoran Ice Elementalist)        Turns: 620, Time: 00:04:02

Health: -4/38      AC:  2    Str:  9    XL:     5   Next: 8%
Magic:  3/11       EV: 12    Int: 19    God:
Gold:   67         SH:  0    Dex: 14    Spells: 3/11 levels left

rFire   . . .      SeeInvis .   (no weapon)
rCold   . . .      Faith    .   (no shield)
rNeg    . . .      Spirit   .   a - +0 robe
rPois   .          Reflect  .   (no helmet)
rElec   .          Harm     .   (no cloak)
rCorr   .          Rampage  .   (no gloves)
Will    .....                   (no boots)
Stlth   +.........              (no amulet)
HPRegen 0.12/turn               (no ring)
MPRegen 0.12/turn               (no ring)

@: freezing walls, glowing
A: sense surroundings 1, otherworldly, glowing, explore regen
a: no special abilities


You were on level 4 of the Dungeon.
You visited 1 branch of the dungeon, and saw 4 of its levels.

You collected 67 gold pieces.

Inventory:

Armour
 a - a +0 robe (worn)
Scrolls
 d - 2 scrolls of vulnerability {unknown}
 e - a scroll of blinking {unknown}
 f - a scroll of enchant weapon {unknown}
 g - 3 scrolls of identify {unknown}
 h - a scroll of teleportation {unknown}
Potions
 b - a potion of magic
 c - a potion of mutation {unknown}
 i - a potion of haste {unknown}


   Skills:
 - Level 2.8 Dodging
 - Level 1.4 Stealth
 - Level 3.5 Spellcasting
 + Level 1.2 Conjurations
 - Level 5.6 Ice Magic


You had 3 spell levels left.
You knew the following spells:

 Your Spells              Type           Power      Damage    Failure   Level
a - Freeze                Ice            96%        1d11      1%          1
b - Frozen Ramparts       Ice            48%        1d8       4%          3
c - Hailstorm             Conj/Ice       16%        3d6       34%         4

Your spell library contained the following spells:

 Spells                   Type           Power      Damage    Failure   Level
 Ozocubu's Armour         Ice            24%        N/A       4%          3
 Cause Fear               Hex            1%         N/A       82%         4
 Leda's Liquefaction      Hex/Erth       1%         N/A       82%         4
 Lee's Rapid Deconstruct  Erth           1%         3d5*      99%         5
 Statue Form              Tmut/Erth      2%         N/A       100%        6
 Dragon Form              Tmut           1%         N/A       100%        7
 Dragon's Call            Summ           1%         N/A       100%        9


Dungeon Overview and Level Annotations

Branches:
Dungeon (4/15) Zot: 1779
 Temple: D:4-7

Altars:
Nemelex Xobeh

Shops:
D:2 =

Annotations:
D:4 Dowan, Duvessa


Innate Abilities, Weirdness & Mutations

You passively map a small area around you.
You are easily found by Zot.
You glow in the dark.
You regain HP and MP as you explore.


Message History

Aiming: Freeze (safe; 1% risk of failure)
Press: ? - help, Shift-Dir - straight line, f/p - Duvessa
Aim: Duvessa, wielding a +0 rapier and wearing a +0 leather armour (moderately wounded)
You freeze Duvessa!
Duvessa is heavily wounded.
The wall freezes Duvessa but does no damage.
The wall freezes Dowan.
Casting: Freeze (safe; 1% risk of failure)
Confirm with . or Enter, or press ? or * to list all spells.
Aiming: Freeze (safe; 1% risk of failure)
Press: ? - help, Shift-Dir - straight line, f/p - Duvessa
Aim: Duvessa, wielding a +0 rapier and wearing a +0 leather armour (heavily wounded)
You freeze Duvessa.
Duvessa is heavily wounded.
Duvessa hits you with a +0 rapier.
The wall freezes Dowan.
Dowan hits you with a +0 dagger.
Casting: Freeze (safe; 1% risk of failure)
Confirm with . or Enter, or press ? or * to list all spells.
Aiming: Freeze (safe; 1% risk of failure)
Press: ? - help, Shift-Dir - straight line, f/p - Duvessa
Aim: Duvessa, wielding a +0 rapier and wearing a +0 leather armour (heavily wounded)
You freeze Duvessa.
Duvessa is severely wounded.
Duvessa hits you with a +0 rapier.
The wall freezes Dowan but does no damage.
Dowan hits you with a +0 dagger.
Casting: Freeze (safe; 1% risk of failure)
Confirm with . or Enter, or press ? or * to list all spells.
Aiming: Freeze (safe; 1% risk of failure)
Press: ? - help, Shift-Dir - straight line, f/p - Duvessa
Aim: Duvessa, wielding a +0 rapier and wearing a +0 leather armour (severely wounded)
You freeze Duvessa.
Duvessa is severely wounded.
Duvessa hits you with a +0 rapier!
* * * LOW HITPOINT WARNING * * *
The wall freezes Dowan.
Dowan hits you with a +0 dagger!
* * * LOW HITPOINT WARNING * * *
Your frozen ramparts will break if you move.
Continue?
Duvessa hits you with a +0 rapier!
You die...

, * , ,
#..<..#
#.....#
,
#.....#
,
,#.....#
#.....#
,#.....#
,
#e....#
, ,
#@e...#
,
#.....#
, ,
#.....#
,
,#.....#
, ,
#.....#
,,
,#.....#
* ,
#.....#
*
#.....#
*


You could see Duvessa and Dowan (strong).

Vanquished Creatures
  An orc priest (D:3)
  2 adders (D:2)
  A dart slug (D:3)
  2 orcs (D:3)
  2 ball pythons
  4 bats
  2 endoplasms
  A giant cockroach (D:3)
  4 goblins
  A hobgoblin (D:2)
  5 quokkas (D:2)
  A frilled lizard (D:3)
  2 kobolds (D:3)
  4 rats
32 creatures vanquished.

Notes
Turn   | Place    | Note
-------+----------+-------------------------------------------
     0 | D:1      | hawla the Meteoran Ice Elementalist began the quest for the
                  | Orb.
     0 | D:1      | Reached XP level 1. HP: 14/14 MP: 5/5
     6 | D:2      | Reached XP level 2. HP: 18/20 MP: 3/6
   144 | D:2      | Reached skill level 5 in Ice Magic
   144 | D:2      | Reached XP level 3. HP: 15/26 MP: 5/8
   146 | D:2      | Found Irajenou's Jewellery Emporium.
   257 | D:2      | Found a sparkling altar of Nemelex Xobeh.
   280 | D:2      | Learned a level 3 spell: Frozen Ramparts
   363 | D:3      | Reached XP level 4. HP: 32/33 MP: 5/10
   370 | D:3      | Learned a level 4 spell: Hailstorm
   517 | D:3      | Reached XP level 5. HP: 32/38 MP: 8/11
   520 | D:3      | Reached skill level 1 in Conjurations
   613 | D:4      | Noticed Duvessa
   613 | D:4      | Noticed Dowan
   620 | D:4      | Slain by Duvessa

Illustrated notes

Levels and vault maps discovered:
D:1:      nzn_arrival_water_spiral, layout_loops_corners,
          shapermc_ecumenical_altar_mp_urbaneastern, serial_rivers,
          chequers_serial_rivers_micro_b, chequers_serial_rivers_room_b,
          chequers_serial_rivers_room_a, chequers_serial_rivers_micro_d,
          chequers_serial_rivers_room_a
D:2:      layout_rooms, serial_shops, nicolae_shop_window_shopping, basic_altar
D:3:      layout_basic
D:4:      layout_gridville, fedhas_ov_isle_minmay,
          minmay_temple_entry_statues_pillars, minmay_small_thing,
          uniq_eustachio, uniq_duvessa

Skill      XL: |  1  2  3  4  5 |
---------------+----------------+-----
Spellcasting   | 3 |  3.5
Ice Magic      | 5 |  5.6
Conjurations   | 1 |  1.2
Dodging        | |  2.8
Stealth        | |  1.4

Action                   |  1- 3 |  4- 6 || total
-------------------------+-------+-------++-------
Melee: Unarmed           |    13 |    18 ||    31
 Cast: Freeze            |    24 |    19 ||    43
       Frozen Ramparts   |     1 |     1 ||     2
Armor: Robe              |    10 |    26 ||    36
Dodge: Dodged            |    25 |    21 ||    46
